 Dungeon Crawl Stone Soup version 0.21.1-1-g345015f (webtiles) character file.

601 Kairos the Cudgeler (level 7, -1/55 HPs)
             Began as a Formicid Abyssal Knight on Mar 26, 2018.
             Was a Priest of Lugonu.
             Slain by Kairos's ghost (17 damage)
             ... on level 4 of the Dungeon on Mar 27, 2018.
             The game lasted 00:15:28 (5097 turns).

Kairos the Cudgeler (Formicid Abyssal Knight)       Turns: 5097, Time: 00:15:29

Health: -1/55      AC:  6    Str: 16 (17) XL:     7   Next: 69%
Magic:  2/2        EV: 16    Int: 10 (12) God:    Lugonu [***...]
Gold:   263        SH:  0    Dex: 12 (14) Spells: 6/6 levels left

rFire    . . .     SeeInvis +   A - +2 war axe (antimagic)
rCold    . . .     Gourm    .   (no shield)
rNeg     . . .     Faith    .   d - +1 leather armour of Hic Domn {rPois}
rPois    +         Spirit   .   (helmet unavailable)
rElec    .         Reflect  .   g - scarf {cloud immunity}
rCorr    .         Harm     .   (no gloves)
MR       .....                  F - +1 pair of boots
Stlth    +.........             (no amulet)
HPRegen  0.18/turn              t - +3 ring of dexterity
MPRegen  0.08/turn              k - +4 ring of evasion

@: no status effects
A: permanent stasis, dig shafts and tunnels, four strong arms, antennae 3
a: Dig, Shaft Self, Depart the Abyss, Bend Space, Banish, Renounce Religion


You were on level 4 of the Dungeon.
You worshipped Lugonu.
Lugonu was most pleased with you.
You were hungry.

You visited 1 branch of the dungeon, and saw 4 of its levels.
You visited the Abyss 1 time.
You also visited: Ossuary.

You collected 263 gold pieces.

Inventory:

Hand Weapons
 a - a +1 mace
 z - a +0 hand axe
 A - a +2 antimagic war axe (weapon)
 C - a +2 spear of chaos
Missiles
 x - 4 tomahawks (quivered)
 E - a throwing net
Armour
 b - a +0 leather armour
 d - the +1 leather armour of Hic Domn (worn) {rPois}
   (You found it on level 2 of the Abyss)

   It protects you from poison.
 g - a scarf of cloud immunity (worn)
 F - a +1 pair of boots (worn)
Jewellery
 f - an uncursed ring of protection from magic
 k - a +4 ring of evasion (right hand)
 m - an uncursed ring of ice
 t - a +3 ring of dexterity (left hand)
 D - a +3 ring of dexterity
Wands
 y - a wand of iceblast (9)
Scrolls
 e - a scroll of enchant armour
 h - a scroll of enchant weapon {unknown}
 n - a scroll of fear {unknown}
 o - a scroll of identify
 p - a scroll of amnesia {unknown}
 q - 4 scrolls of remove curse
 r - 2 scrolls of random uselessness {unknown}
 u - 2 scrolls of fog
 w - a scroll of teleportation {unknown}
 B - a scroll of acquirement
Potions
 i - a potion of cancellation
 j - 5 potions of curing
 l - a potion of haste {unknown}
 s - 4 potions of flight
 v - 3 potions of heal wounds {unknown}
 G - 2 potions of brilliance {unknown}
 H - a potion of might
Comestibles
 c - 6 rations


   Skills:
 + Level 4.8 Fighting
 + Level 2.7(4.1) Axes
 + Level 4.8(5.1) Maces & Flails
 + Level 3.8 Armour
 + Level 2.6 Dodging
 + Level 1.4 Stealth
 + Level 2.3 Invocations
 + Level 0.1 Evocations


You had 6 spell levels left.
You didn't know any spells.

Dungeon Overview and Level Annotations

Branches:
Dungeon (4/15)
 Temple: D:4-7

Altars:
Cheibriados
Vehumet

Annotations:
D:4 Kairos's ghost, amateur DsSk


Innate Abilities, Weirdness & Mutations

You cannot be hasted, slowed, berserked, paralysed or teleported.
You can dig through walls and to a lower floor.
Your four strong arms can wield two-handed weapons with a shield.
You have a pair of large antennae on your head. (SInv)


Message History

Moving in this stuff is going to be slow.
You are feeling hungry.
Kairos's ghost screams, "Zot is a myth, the ORB is a fable, you'll soon be a tale!"
There is a stone staircase leading up here.
You barely miss Kairos's ghost. Kairos's ghost hits you!
You closely miss Kairos's ghost. Kairos's ghost hits you!
Kairos's ghost misses you.
You hit Kairos's ghost.
Kairos's ghost's magic leaks into the air.
Kairos's ghost is lightly damaged.
You closely miss the gnoll. The gnoll completely misses you.
Kairos's ghost completely misses you.
Kairos's ghost's shroud bends your attack away.
You hit the gnoll. The gnoll closely misses you.
The gnoll hits you from afar with a spear.
Kairos's ghost hits you! The gnoll hits you.
* * * LOW HITPOINT WARNING * * *
Unknown command.
The gnoll barely misses you. Kairos's ghost hits you!
You die...

##.....## #.......##
##..#### ##.......##
##..## ##..##...###
##..## ####....... ##..##
##........ ##..##
###########.......#.
##..##
#.......##.......###
##...# #.........(.....##
# #....#
#..@Wg........### #.
#....## #...g........##
#.
##...[######..........###
#. #...................##
.. #..#####'#####.....##
#... #.....##....### #...
##.^.##.....# ####
##.##......# ### .##


You could see Kairos's ghost and 2 gnolls.

Vanquished Creatures
  Sigmund (D:2)
  A human zombie (Ossuary)
  Terence (D:2)
  A centaur skeleton (D:4)
  2 worker ants (D:4)
  A big kobold zombie (Ossuary)
  5 mummies
  7 gnolls (D:2)
  4 adders (D:3)
  An adder skeleton (D:3)
  8 worms
  3 dart slugs
  4 leopard geckos
  2 orcs (D:3)
  A ball python (D:4)
  8 bats
  2 giant cockroaches (D:1)
  A gnoll zombie (Ossuary)
  11 goblins
  13 hobgoblins
  6 jackals
  6 kobolds
  A quokka (D:2)
  6 frilled lizards
  A goblin zombie (Ossuary)
  A hobgoblin zombie (Ossuary)
  A kobold zombie (Ossuary)
  2 orc zombies (Ossuary)
  6 rats
107 creatures vanquished.

Notes
Turn   | Place    | Note
-------+----------+-------------------------------------------
     0 | Abyss:1  | Kairos the Formicid Abyssal Knight began the quest for the Orb.
     0 | Abyss:1  | Reached XP level 1. HP: 18/18 MP: 2/2
    60 | Abyss:2  | Got a smoking leather armour
    74 | Abyss:2  | Identified the +1 leather armour of Hic Domn {rPois} (You found it on level 2 of the Abyss)
   100 | Abyss:2  | Noticed a starcursed mass
   125 | D:1      | Escaped the Abyss
   204 | D:1      | Reached XP level 2. HP: 17/25 MP: 3/3
   600 | D:1      | Reached * piety under Lugonu
   692 | D:1      | Reached XP level 3. HP: 25/30 MP: 4/4
   724 | D:1      | Reached skill level 1 in Dodging
  1484 | D:2      | Found a snail-covered altar of Cheibriados.
  1529 | D:2      | Reached XP level 4. HP: 31/37 MP: 5/5
  1842 | D:2      | Found a radiant altar of Vehumet.
  1860 | D:2      | Noticed Terence
  1914 | D:2      | Killed Terence
  1914 | D:2      | Reached XP level 5. HP: 16/42 MP: 6/6
  2241 | D:2      | Noticed Sigmund
  2245 | D:2      | Killed Sigmund
  2245 | D:2      | Reached XP level 6. HP: 37/49 MP: 7/7
  3085 | D:2      | Reached ** piety under Lugonu
  3378 | D:3      | Reached skill level 1 in Axes
  3384 | D:3      | Reached XP level 7. HP: 51/55 MP: 2/8
  3663 | D:3      | Reached skill level 1 in Stealth
  4045 | D:4      | Found a sand-covered staircase.
  4050 | D:4      | Reached *** piety under Lugonu
  4054 | Ossuary  | Entered an ossuary
  4774 | Ossuary  | Identified a scroll of acquirement
  5039 | D:4      | Noticed Kairos's ghost (amateur DsSk)
  5097 | D:4      | Slain by Kairos's ghost

Skill      XL: |  1  2  3  4  5  6  7 |
---------------+----------------------+-----
Dodging        | 1 2 |  2.6
Fighting       | 4 |  4.8
Maces & Flails | 3 4 |  4.8
Armour         | 3 |  3.8
Axes           | 1 2 |  2.7
Stealth        | 1 |  1.4
Invocations    | |  2.3
Evocations     | |  0.1

Action                   |  1- 3 |  4- 6 |  7- 9 || total
-------------------------+-------+-------+-------++-------
Melee: Mace              |    99 |    51 |       ||   150
       War axe           |       |    58 |   154 ||   212
Invok: Depart the Abyss  |     1 |       |       ||     1
 Abil: Dig               |       |     1 |       ||     1
Evoke: Wand              |       |     3 |       ||     3
  Use: Potion            |       |     3 |     4 ||     7
       Scroll            |       |     1 |     9 ||    10
 Stab: Sleeping          |       |     1 |     1 ||     2
       Distracted        |       |       |     1 ||     1
  Eat: Chunk             |     1 |     7 |     2 ||    10
       Ration            |       |       |     1 ||     1
Armor: Leather armour    |    32 |    15 |    32 ||    79
       Skin              |       |     9 |       ||     9
Dodge: Dodged            |    77 |    80 |   123 ||   280
